 Dungeon Crawl Stone Soup version 0.21.0-3-g78d12a8 (webtiles) character file.

87 Ghouzt the Chopper (level 4, 0/42 HPs)
             Began as a Deep Dwarf Fighter on Jan 11, 2018.
             Slain by a gnoll
             ... wielding a +0 whip
              (4 damage)
             ... on level 2 of the Dungeon.
             The game lasted 00:03:15 (1128 turns).

Ghouzt the Chopper (Deep Dwarf Fighter)             Turns: 1128, Time: 00:03:16

Health: 0/42       AC:  7    Str: 20    XL:     4   Next: 28%
Magic:  3/3        EV:  5    Int:  9    God:
Gold:   74         SH: 13    Dex: 12    Spells: 3/3 levels left

rFire    . . .     SeeInvis .   a - +0 war axe
rCold    . . .     Gourm    .   k - +0 large shield
rNeg     . . .     Faith    .   b - +0 scale mail
rPois    .         Spirit   .   (no helmet)
rElec    .         Reflect  .   (no cloak)
rCorr    .         Harm     .   (no gloves)
MR       +....                  (no boots)
Stlth    ..........             (no amulet)
HPRegen  0.00/turn              i - ring of protection from magic
MPRegen  0.08/turn              (no ring)

@: non-regenerating
A: damage resistance, heal wounds, sense surroundings 1, no regeneration
a: Heal Wounds


You were on level 2 of the Dungeon.
You were not hungry.

You visited 1 branch of the dungeon, and saw 2 of its levels.

You collected 74 gold pieces.

Inventory:

Hand Weapons
 a - a +0 war axe (weapon)
Armour
 b - a +0 scale mail (worn)
 c - a +0 shield
 k - a +0 large shield (worn)
Jewellery
 i - a ring of protection from magic (left hand)
Scrolls
 g - a scroll of identify {unknown}
 h - 2 scrolls of remove curse {unknown}
 j - a scroll of magic mapping {unknown}
 l - 2 scrolls of fear {unknown}
 m - a scroll of teleportation {unknown}
 n - a scroll of enchant armour {unknown}
 p - a scroll of random uselessness {unknown}
Potions
 d - 2 potions of might
 e - 2 potions of flight {unknown}
Comestibles
 f - 3 rations
 o - 2 chunks of flesh


   Skills:
 + Level 3.1 Fighting
 * Level 4.2 Axes
 + Level 3.9 Armour
 - Level 3.2 Shields


You had 3 spell levels left.
You didn't know any spells.

Dungeon Overview and Level Annotations

Branches:
Dungeon (2/15)

Altars:
Vehumet


Innate Abilities, Weirdness & Mutations

You are resistant to damage.
You can heal yourself by infusing magical energy.
You passively map a small area around you.
You do not regenerate.


Message History

You block the gnoll's attack.
You hit the gnoll but do no damage.
The gnoll is lightly wounded.
You block the gnoll's attack. The gnoll hits you with a whip.
You hit the gnoll.
The gnoll is moderately wounded.
The gnoll hits you from afar with a spear.
The gnoll hits you with a whip!
* * * LOW HITPOINT WARNING * * *
You block the gnoll's attack.
You hit the gnoll but do no damage.
The gnoll is moderately wounded.
The gnoll hits you with a whip!
* * * LOW HITPOINT WARNING * * *
The gnoll hits you from afar with a spear.
* * * LOW HITPOINT WARNING * * *
You block the gnoll's attack.
You fail to use your ability.
You block the gnoll's attack. The gnoll hits you with a whip.
You die...

, ..... #%....##.... ,
,....,,#.....##.... ### , ,,...
##........... ##.##, .)
##.!....##.... ##..## , .
#......###.... ##...## ,
,###.#######..### ##....## ,
#...######..## #
##.....###########g.......#.#####
##...........#..@g.#####.##.###..
###.......#.....#### ###.##.#....
................# ###...#.......
...##..#........###....#....#....
........##............##.##.#....
......................##....##...
........###...............####...
....#.....##..........##..# #...
......###.##..........##.## #..#


You could see 2 gnolls.

Vanquished Creatures
  2 gnolls (D:2)
  2 adders (D:2)
  A worm (D:2)
  A dart slug (D:1)
  2 leopard geckos (D:1)
  An orc (D:2)
  5 bats
  2 giant cockroaches (D:1)
  4 goblins (D:1)
  4 hobgoblins
  6 jackals
  3 frilled lizards
  5 kobolds
  3 rats
41 creatures vanquished.

Vanquished Creatures (others)
  A hobgoblin (D:2)
  A frilled lizard (D:2)
2 creatures vanquished.

Grand Total: 43 creatures vanquished

Notes
Turn   | Place    | Note
-------+----------+-------------------------------------------
     0 | D:1      | Ghouzt the Deep Dwarf Fighter began the quest for the Orb.
     0 | D:1      | Reached XP level 1. HP: 20/20 MP: 1/1
   110 | D:1      | Reached XP level 2. HP: 24/27 MP: 2/2
   301 | D:1      | Reached skill level 3 in Axes
   417 | D:1      | Reached XP level 3. HP: 24/34 MP: 3/3
   939 | D:2      | Found a radiant altar of Vehumet.
  1114 | D:2      | Reached XP level 4. HP: 39/42 MP: 3/3
  1119 | D:2      | Reached skill level 4 in Axes
  1128 | D:2      | Slain by a gnoll

Skill      XL: |  1  2  3  4 |
---------------+-------------+-----
Fighting       | 3 |  3.1
Axes           | 3 4 |  4.2
Armour         | |  3.9
Shields        | |  3.2

Action                   |  1- 3 |  4- 6 || total
-------------------------+-------+-------++-------
Melee: War axe           |   133 |    13 ||   146
 Abil: Heal Wounds       |     2 |       ||     2
  Eat: Chunk             |     1 |       ||     1
Armor: Scale mail        |    87 |     2 ||    89
Dodge: Dodged            |    38 |     1 ||    39
Block: Shield            |    58 |       ||    58
       Large shield      |    66 |    20 ||    86
